 Dungeon Crawl Stone Soup version 0.29-a0-283-ga02f740833 (webtiles) character file.

Game seed: 8180974184582299709

7212 Conn the Arsonist (level 11, -4/63 HPs)
             Began as an Octopode Fire Elementalist on Mar 13, 2022.
             Was a Priest of Sif Muna.
             Slain by a hornet (9 damage)
             ... on level 9 of the Dungeon.
             The game lasted 00:29:26 (12859 turns).

Conn the Arsonist (Octopode Fire Elementalist)     Turns: 12859, Time: 00:29:26

Health: -4/63      AC:  1    Str:  8    XL:     11   Next: 11%
Magic:  6/23       EV: 16    Int: 22    God:    Sif Muna [***...]
Gold:   294        SH:  0    Dex: 24    Spells: 7/26 levels left

rFire   . . .      SeeInvis .   e - +7 staff of the Meek {protect, meekguard}
rCold   . . .      Faith    .   (shield currently unavailable)
rNeg    . . .      Spirit   .   (helmet restricted)
rPois   .          Reflect  .   (no amulet)
rElec   .          Harm     .   o - +6 ring of dexterity
rCorr   .          Rampage  .   y - +6 ring of dexterity
Will    .....                   (no ring)
Stlth   +++++.....              (no ring)
HPRegen 0.20/turn               (no ring)
MPRegen 0.18/turn               (no ring)
                                (no ring)
                                (no ring)

@: lethally poisoned (-4 -> -18), slowed, very slow
A: almost no armour, amphibious, 8 rings, camouflage 1, gelatinous body 1,
(nimble swimmer 1), tentacles
a: Renounce Religion, Channel Magic, Forget Spell


You were on level 9 of the Dungeon.
You worshipped Sif Muna.
Sif Muna was most pleased with you.
You visited 2 branches of the dungeon, and saw 10 of its levels.

You collected 294 gold pieces.

Inventory:

Hand Weapons
 e - the +7 staff of the Meek (weapon) {protect, meekguard}
   (You found it on level 7 of the Dungeon)

   It grants its wielder temporary protection when it strikes (+7 to AC).
   It provides extra protection to wielders with little health.
 g - a +0 dagger
 j - a +2 quarterstaff of chaos
 k - a +1 flail of protection
 s - a +2 dagger of electrocution
Missiles
 b - 18 poisoned darts (quivered)
 C - a throwing net
Armour
 q - a +1 kite shield of protection
Jewellery
 o - a +6 ring of dexterity (left tentacle)
 y - a +6 ring of dexterity (right tentacle)
 D - a ring of magical power
Wands
 w - a wand of iceblast (12)
 x - a wand of paralysis (8)
Scrolls
 c - a scroll of teleportation
 f - a scroll of enchant weapon
 i - 3 scrolls of immolation
 l - a scroll of brand weapon
 m - a scroll of torment {unknown}
 r - 2 scrolls of fog
 t - 3 scrolls of magic mapping {unknown}
 z - a scroll of holy word
Potions
 a - a potion of magic
 d - 3 potions of resistance
 h - a potion of lignification
 n - a potion of flight {unknown}
 p - a potion of curing
 u - 2 potions of heal wounds
 v - a potion of ambrosia
 A - 2 potions of cancellation
 B - 2 potions of brilliance


   Skills:
 + Level 1.4 Fighting
 + Level 3.0 Short Blades
 + Level 2.1(2.6) Maces & Flails
 + Level 2.2(2.6) Staves
 + Level 1.2 Throwing
 + Level 3.8 Dodging
 + Level 8.1 Stealth
 + Level 8.2 Spellcasting
 * Level 6.4 Conjurations
 + Level 1.2 Hexes
 * Level 3.9 Translocations
 + Level 9.3 Fire Magic


You had 7 spell levels left.
You knew the following spells:

 Your Spells              Type           Power      Damage    Failure   Level
a - Foxfire               Conj/Fire      100%       2x1d9     1%          1
b - Conjure Flame         Conj/Fire      43%        6-21      1%          3
c - Inner Flame           Hex/Fire       32%        N/A       2%          3
d - Flame Wave            Conj/Fire      43%        2d9       2%          4
e - Scorch                Fire           100%       2d10      1%          2
f - Blink                 Tloc           52%        N/A       2%          2
g - Iskenderun's Mystic   Conj/Tloc      32%        2d8       9%          4

Your spell library contained the following spells:

 Spells                   Type           Power      Damage    Failure   Level
 Lesser Beckoning         Tloc           26%        N/A       4%          3
 Portal Projectile        Hex/Tloc       40%        N/A       8%          3
 Fireball                 Conj/Fire      21%        3d10      8%          5
 Ensorcelled Hibernation  Hex/Ice        22%        N/A       9%          2
 Tukima's Dance           Hex            14%        N/A       13%         3
 Fulminant Prism          Conj/Hex       13%        3d9       16%         4
 Spider Form              Tmut/Pois      9%         N/A       22%         3
 Manifold Assault         Tloc           26%        N/A       36%         5
 Starburst                Conj/Fire      21%        6d7       41%         6
 Anguish                  Hex/Necr       5%         N/A       50%         4
 Blade Hands              Tmut           4%         N/A       90%         5
 Excruciating Wounds      Necr           4%         N/A       90%         5
 Lee's Rapid Deconstruct  Erth           4%         3d6*      90%         5
 Enfeeble                 Hex            7%         N/A       100%        7
 Ignition                 Fire           25%        3d8       100%        8


Dungeon Overview and Level Annotations

Branches:
Dungeon (9/15)             Temple (1/1) D:4            Lair (0/6) D:8
    Orc: D:9-12

Altars:
Ashenzari
Dithmenos
Elyvilon
Fedhas
Gozag
Hepliaklqana
Kikubaaqudgha
Makhleb
Nemelex Xobeh
Okawaru
Qazlal
Ru
Sif Muna
Trog
Uskayaw
Vehumet
Wu Jian
Xom
Yredelemnul
Zin
The Shining One
Beogh


Innate Abilities, Weirdness & Mutations

You cannot wear most types of armour.
You are amphibious.
You can wear up to eight rings at the same time.
Your skin changes colour to match your surroundings (Stealth+).
Your rubbery body absorbs attacks. (AC +1, EV +1)
((You are camouflaged when in or above water. (Stealth+)))
You have tentacles for arms and can constrict up to eight enemies at once.


Message History

Casting: Blink (safe; 2% risk of failure)
Confirm with . or Enter, or press ? or * to list all spells.
Flames lash the hornet.
The hornet is burned terribly!
The hornet is heavily wounded.
The hornet stings you!
You are poisoned.
You feel as though you will be slow longer.
The hornet stings you.
You are more poisoned.
You feel as though you will be slow longer.
Casting: Scorch (safe; 1% risk of failure)
Confirm with . or Enter, or press ? or * to list all spells.
You erupt in a blast of force!
The mystic blast hits the hornet.
The hornet is heavily wounded.
The hornet is knocked back by the mystic blast.
The hornet slams into the rock wall!
You feel stable enough to blink again.
You feel extremely sick. The hornet stings you!
You are lethally poisoned!
You feel as though you will be slow longer.
Casting: Iskenderun's Mystic Blast (dangerous; 9% risk of failure)
Confirm with . or Enter, or press ? or * to list all spells.
You erupt in a blast of force!
The mystic blast hits the hornet.
The hornet is severely wounded.
The hornet is knocked back by the mystic blast.
The hornet slams into the rock wall!
The hornet is severely wounded.
* * * LOW HITPOINT WARNING * * *
You feel extremely sick.
Casting: Iskenderun's Mystic Blast (dangerous; 9% risk of failure)
Confirm with . or Enter, or press ? or * to list all spells.
You erupt in a blast of force!
The mystic blast hits the hornet.
The hornet is almost dead.
The hornet is knocked back by the mystic blast.
The hornet slams into the rock wall!
* * * LOW HITPOINT WARNING * * *
You feel extremely sick. The hornet stings you!
You die...

##########
#........#
###........#
...........#
#........#
#........#
#....@...#
#.....y..#
#######.##
#..# #.## #.#
#.#
#######.### ##
#.........#..+


You could see a hornet (combustible).

Vanquished Creatures
  A two-headed ogre (D:8)
  Pikel (D:8)
  Psyche (D:8)
  3 hornets
  A troll (D:8)
  A wyvern (D:8)
  3 steam dragons
  Grum (D:8)
  A water moccasin (D:5)
  4 orc warriors
  4 sky beasts
  2 ice beasts
  5 wolves
  A centaur (D:6)
  A phantom (D:6)
  A necrophage (D:8)
  Blork the orc (D:4)
  3 bullfrogs
  2 gnoll sergeants
  3 scorpions
  8 wights
  5 killer bees (D:8)
  4 electric eels (D:8)
  A howler monkey (D:5)
  10 hounds
  5 jellies
  6 orc priests
  Crazy Yiuf (D:2)
  Terence (D:2)
  4 iguanas
  11 orc wizards
  9 gnolls
  9 adders
  A shadow imp (D:8)
  A white imp (D:7)
  2 ufetubi
  3 worms
  39 orcs
  6 ball pythons
  14 endoplasms
  4 giant cockroaches (D:3)
  3 goblins
  10 hobgoblins
  8 jackals (D:5)
  6 quokkas
  3 bats
  3 frilled lizards
  13 kobolds
  7 rats
237 creatures vanquished.

Vanquished Creatures (collateral kills)
  7 foxfires (D:3)
7 creatures vanquished.

Vanquished Creatures (others)
  652 foxfires
  8 toadstools (D:3)
660 creatures vanquished.

Grand Total: 904 creatures vanquished

Notes
Turn   | Place    | Note
-------+----------+-------------------------------------------
     0 | D:1      | Conn the Octopode Fire Elementalist began the quest for the
                  | Orb.
     0 | D:1      | Reached XP level 1. HP: 11/11 MP: 3/3
   598 | D:1      | Reached XP level 2. HP: 17/17 MP: 3/5
   843 | D:1      | Found a faded altar of an unknown god.
  1150 | D:2      | Reached XP level 3. HP: 21/21 MP: 2/6
  1508 | D:2      | Found a runed translucent door.
  1509 | D:2      | Noticed Crazy Yiuf
  1520 | D:2      | Learned a level 3 spell: Conjure Flame
  1523 | D:2      | Learned a level 2 spell: Scorch
  1531 | D:2      | Killed Crazy Yiuf
  1532 | D:2      | Reached XP level 4. HP: 27/27 MP: 0/7
  1890 | D:2      | Noticed Terence
  1907 | D:2      | Killed Terence
  1908 | D:2      | Reached skill level 4 in Fire Magic
  2234 | D:3      | Found the +18 Lear's hauberk
  2318 | D:3      | HP: 1/27 [giant cockroach (2)]
  2815 | D:3      | Reached XP level 5. HP: 31/31 MP: 3/9
  3451 | D:3      | Reached XP level 6. HP: 36/36 MP: 2/11
  4125 | D:4      | You fall into a shaft and drop 1 floor!
  4125 | D:5      | Entered Level 5 of the Dungeon
  4145 | D:5      | Reached skill level 1 in Maces & Flails
  4284 | D:4      | Learned a level 3 spell: Inner Flame
  4320 | D:5      | Noticed a sky beast
  4355 | D:5      | Killed a sky beast
  4356 | D:5      | Reached XP level 7. HP: 41/41 MP: 1/13
  4531 | D:5      | Reached skill level 1 in Throwing
  4772 | D:4      | Reached skill level 5 in Fire Magic
  4838 | D:4      | Found a staircase to the Ecumenical Temple.
  4869 | D:4      | Noticed Blork the orc
  4877 | D:4      | Killed Blork the orc
  5005 | D:4      | Reached XP level 8. HP: 47/47 MP: 13/15
  5026 | Temple   | Entered the Ecumenical Temple
  5104 | Temple   | Became a worshipper of Sif Muna the Loreminder
  5685 | D:5      | Reached skill level 1 in Short Blades
  5966 | D:5      | Reached skill level 5 in Stealth
  6265 | D:5      | Found an ornate altar of the Wu Jian Council.
  6282 | D:5      | Reached skill level 5 in Spellcasting
  6282 | D:5      | Reached skill level 6 in Fire Magic
  7042 | D:6      | Reached * piety under Sif Muna
  7167 | D:6      | HP: 2/47 [gnoll sergeant/+1 spear of flaming (1)]
  7442 | D:6      | Reached XP level 9. HP: 48/52 MP: 7/17
  7596 | D:6      | Reached skill level 7 in Fire Magic
  7922 | D:6      | Identified the +4 ring mail "Gofroab" {rPois rF+ Regen+
                  | Str-3}
  8661 | D:7      | Reached ** piety under Sif Muna
  8665 | D:7      | Reached skill level 1 in Fighting
  9129 | D:7      | Noticed a hornet
  9198 | D:7      | Killed a hornet
  9199 | D:7      | Reached skill level 8 in Fire Magic
  9516 | D:7      | Found the +7 staff of the Meek {protect, meekguard}
  9556 | D:7      | Learned a level 4 spell: Flame Wave
  9559 | D:7      | Learned a level 2 spell: Blink
  9564 | D:7      | Learned a level 4 spell: Iskenderun's Mystic Blast
  9755 | D:7      | Reached XP level 10. HP: 31/58 MP: 13/20
 10183 | D:8      | Noticed Psyche
 10233 | D:8      | Killed Psyche
 10234 | D:8      | Reached skill level 1 in Translocations
 10256 | D:8      | Reached skill level 5 in Conjurations
 10260 | D:8      | Reached skill level 1 in Staves
 11031 | D:8      | Found a staircase to the Lair.
 11301 | D:8      | Noticed Pikel
 11324 | D:8      | Killed Pikel
 11456 | D:8      | Noticed Grum
 11471 | D:8      | Reached skill level 9 in Fire Magic
 11471 | D:8      | Reached *** piety under Sif Muna
 11494 | D:8      | Killed Grum
 11759 | D:8      | Noticed a two-headed ogre
 12124 | D:8      | Reached XP level 11. HP: 63/63 MP: 9/22
 12233 | D:8      | Reached skill level 1 in Hexes
 12252 | D:8      | Killed a two-headed ogre
 12859 | D:9      | Slain by a hornet

Illustrated notes

Levels and vault maps discovered:
D:1:      dpeg_arrival_tiny_a, layout_basic,
          shapermc_ecumenical_altar_mp_highgroup
D:2:      layout_loops_cross, serial_aquarium, aquarium_bridge_long_joined
          [aquarium_subvault_window, aquarium_subvault_bridge,
          aquarium_subvault_window, aquarium_subvault_bridge,
          aquarium_subvault_bridge, aquarium_subvault_bridge],
          aquarium_bridge_straight [aquarium_subvault_bridge,
          aquarium_subvault_wall, aquarium_subvault_bridge,
          aquarium_subvault_window], aquarium_window_1, aquarium_window_1,
          aquarium_window_fake, aquarium_view_2d, aquarium_view_2f,
          chequers_jeans, st_stairs_11, uniq_crazy_yiuf_cottage, uniq_terence
D:3:      cheibrodos_fertilizer, layout_basic, serial_curves, eino_curves_01,
          eino_curves_03, eino_curves_03, eino_curves_04, wad_rectangle_vault
D:4:      minmay_spotlight, layout_rooms, minmay_temple_entry_junction_2,
          uniq_blork_the_orc
D:5:      layout_loops_corners, mainiacjoe_overflow_alcove_4, st_stairs_6,
          eino_curves_03, chequers_serial_rivers_large_a, grunt_ministairs_5
D:6:      layout_basic, minmay_a_box_with_orc_wizards_in_it
D:7:      layout_loops_corners, pf_guarded_unrand_meek
D:8:      layout_basic, erik_lair_island, uniq_grum, uniq_psyche, uniq_pikel
D:9:      layout_roguey, david_orc_4, serial_shops, shop
Temple:   regret_index_temple_sigil_plot

Skill      XL: |  1  2  3  4  5  6  7  8  9 10 11 |
---------------+----------------------------------+-----
Stealth        | 3 4 5 7 8 |  8.1
Fire Magic     | 4 5 6 8 9 |  9.3
Spellcasting   | 3 4 5 6 7 8 |  8.2
Conjurations   | 2 3 4 6 |  6.4
Maces & Flails | 1 2 |  2.1
Throwing       | 1 |  1.2
Short Blades   | 2 3 |  3.0
Dodging        | 3 |  3.8
Fighting       | 1 |  1.4
Translocations | 3 |  3.9
Staves         | 2 |  2.2
Hexes          | 1 |  1.2

Action                   |  1- 3 |  4- 6 |  7- 9 | 10-12 || total
-------------------------+-------+-------+-------+-------++-------
Melee: Unarmed           |     3 |       |       |       ||     3
       Tentacles         |     3 |     6 |    21 |     5 ||    35
       Constrict         |     3 |     5 |    26 |     5 ||    39
       Punch             |     2 |       |     2 |     1 ||     5
       Dagger            |    11 |       |    81 |       ||    92
       Quarterstaff      |       |    11 |     3 |    17 ||    31
       Flail             |       |    26 |     5 |       ||    31
Throw: Dart              |       |    10 |       |       ||    10
 Cast: Foxfire           |    36 |   110 |   157 |    87 ||   390
       Scorch            |     3 |     4 |    27 |    21 ||    55
       Conjure Flame     |       |     4 |     4 |     6 ||    14
       Inner Flame       |       |       |     3 |    11 ||    14
       Iskenderun's Myst |       |       |       |    12 ||    12
       Blink             |       |       |       |     3 ||     3
       Flame Wave        |       |       |       |     1 ||     1
Evoke: Wand              |       |       |       |     1 ||     1
  Use: Potion            |     3 |       |     2 |     1 ||     6
       Scroll            |       |       |    10 |     2 ||    12
 Stab: Sleeping          |     3 |     2 |    21 |     1 ||    27
Armor: Skin              |     2 |     9 |     2 |     6 ||    19
Dodge: Dodged            |     8 |    37 |    58 |    31 ||   134

Table legend: (Time is in decaauts)
 A = Elapsed time spent in this place.
 B = Non-inter-level travel time spent in this place.
 C = Inter-level travel time spent in this place.
 D = Time resting spent in this place.
 E = Time spent auto-exploring this place.
 F = Levels seen in this place.
 G = Mean time per level.
                   A        B        C        D        E       F      G
               +--------+--------+--------+--------+--------+-----+--------+
         Total |  12880 |  12645 |    235 |    194 |   9896 |  10 | 1288.0 |
       Dungeon |  12777 |  12563 |    214 |    194 |   9842 |   9 | 1419.7 |
        Temple |    103 |     82 |     21 |      0 |     54 |   1 |  103.0 |
               +--------+--------+--------+--------+--------+-----+--------+

Top non-repeatable levels by time:
     D:8: 2341 daAuts
     D:7: 1918 daAuts
     D:3: 1898 daAuts
     D:6: 1703 daAuts
     D:5: 1576 daAuts
     D:2: 1237 daAuts
     D:4: 1155 daAuts
     D:1: 903 daAuts
  Temple: 103 daAuts
     D:9: 42 daAuts
